 Dungeon Crawl Stone Soup version 0.28-a0-804-g60983d4ba9 (webtiles) character file.

Game seed: 7015336658211991514

126 vurker the Gusty (level 5, -2/29 HPs)
             Began as a Tengu Air Elementalist on Nov 7, 2021.
             Slain by Grinder (4 damage)
             ... while paralysed by Grinder
             ... on level 3 of the Dungeon.
             The game lasted 00:02:48 (2695 turns).

vurker the Gusty (Tengu Air Elementalist)           Turns: 2695, Time: 00:02:48

Health: -2/29      AC:  2    Str:  9    XL:     5   Next: 9%
Magic:  3/10       EV:  2    Int: 16    God:
Gold:   85         SH:  0    Dex: 14    Spells: 9/10 levels left

rFire   . . .      SeeInvis .   j - +4 short sword
rCold   . . .      Faith    .   (no shield)
rNeg    . . .      Spirit   .   a - +0 robe
rPois   .          Reflect  .   (helmet restricted)
rElec   .          Harm     .   (no cloak)
rCorr   .          Rampage  .   (no gloves)
Will    .....                   (boots unavailable)
Stlth   ++........              (no amulet)
HPRegen 0.09/turn               (no ring)
MPRegen 0.12/turn               (no ring)

@: paralysed, flying quickly and evasively, quick
A: beak, talons 3, nimble flight
a: no special abilities


You were on level 3 of the Dungeon.
You visited 1 branch of the dungeon, and saw 3 of its levels.

You collected 85 gold pieces.

Inventory:

Hand Weapons
 j - a +4 short sword (weapon)
   (You took it off a kobold on level 2 of the Dungeon)
Armour
 a - a +0 robe (worn)
Scrolls
 b - a scroll of vulnerability {unknown}
 e - a scroll of enchant weapon {unknown}
 f - 2 scrolls of teleportation {unknown}
 i - a scroll of immolation {unknown}
 k - a scroll of amnesia {unknown}
Potions
 c - a potion of curing {unknown}
 d - a potion of magic {unknown}
 g - a potion of lignification {unknown}
 h - a potion of mutation {unknown}
 l - a potion of heal wounds {unknown}


   Skills:
 + Level 1.5 Fighting
 - Level 2.1 Dodging
 - Level 2.0 Stealth
 * Level 3.1 Spellcasting
 + Level 2.6 Conjurations
 * Level 5.4 Air Magic


You had 9 spell levels left.
You knew the following spells:

 Your Spells              Type           Power      Damage    Failure   Level
a - Shock                 Conj/Air       60%        1d6       3%          1

Your spell library contained the following spells:

 Spells                   Type           Power      Damage    Failure   Level
 Static Discharge         Conj/Air       15%        N/A       5%          2
 Swiftness                Air            20%        N/A       6%          3
 Corpse Rot               Necr/Air       22%        N/A       9%          2
 Airstrike                Air            10%        N/A       19%         4
 Dispel Undead            Necr           2%         3d7       88%         4
 Death Channel            Necr           1%         N/A       100%        6


Dungeon Overview and Level Annotations

Branches:
Dungeon (3/15)

Altars:

Annotations:
D:3 Grinder


Innate Abilities, Weirdness & Mutations

You have a beak for a mouth.
You have claws for feet.
Your magical nature lets you fly swiftly and evasively.


Message History

You can't see any susceptible monsters within range! (Use Z to cast anyway.)
You now have 85 gold pieces (gained 5).
You see here a dart slug corpse.
A kobold comes into view. It is wielding a +0 dagger.
Found 12 gold pieces.
A kobold is nearby!
A kobold is nearby!
Aim: a kobold, wielding a +0 dagger and quivering stones (asleep, 100% to hit)
The zap hits the kobold.
You kill the kobold!
You can't see any susceptible monsters within range! (Use Z to cast anyway.)
You can't see any susceptible monsters within range! (Use Z to cast anyway.) Grinder comes into view.
Grinder shouts!
A bat comes into view.
The bat moves out of view.
You start waiting.
Done waiting.
Things that are here:
a +0 dagger; 3 stones The zap hits the bat.
You kill the bat!
You hear a shout!
The zap hits Grinder.
The zap misses Grinder.
The zap hits Grinder.
Grinder is nearby!
Grinder gestures at you. Pain shoots through your body!
Grinder blinks!
You start resting.
Grinder is nearby!
The zap misses Grinder.
The zap hits Grinder.
The zap misses Grinder.
The zap misses Grinder.
The zap hits Grinder.
Grinder hits you but does no damage.
The zap hits Grinder.
The zap hits Grinder but does no damage.
Grinder hits you.
You writhe in agony.
The zap misses Grinder.
The zap hits Grinder.
Grinder gestures at you. Pain shoots through your body!
* * * LOW HITPOINT WARNING * * *
The zap hits Grinder. x2; Grinder barely misses you.
The zap misses Grinder. x2
Grinder gestures at you.
You suddenly lose the ability to move!
Grinder hits you!
* * * LOW HITPOINT WARNING * * *
You writhe in agony.
You die...

#.# #......)......#
#.# #.#####.#####.#
#.# #.# #.# #.# #.#
#.# #.#####.# #[#
#.#.....# #.#
#.#.##.......$# #.#
#.#5##.######.# #.#
#.#@##.. #.#
#.#.#####
#.########.#.######
#.....†.............
####################


You could see Grinder.

Vanquished Creatures
  A scorpion (D:2)
  3 dart slugs
  3 orcs (D:2)
  5 bats
  5 endoplasms
  A giant cockroach (D:3)
  3 goblins
  5 hobgoblins
  5 jackals
  5 kobolds
  5 quokkas
  4 ball pythons
  A frilled lizard (D:1)
  A rat (D:1)
47 creatures vanquished.

Notes
Turn   | Place    | Note
-------+----------+-------------------------------------------
     0 | D:1      | vurker the Tengu Air Elementalist began the quest for the
                  | Orb.
     0 | D:1      | Reached XP level 1. HP: 10/10 MP: 4/4
   314 | D:1      | Reached XP level 2. HP: 15/15 MP: 3/6
   942 | D:1      | Reached XP level 3. HP: 20/20 MP: 4/7
  1024 | D:1      | Found a faded altar of an unknown god.
  1209 | D:2      | Reached skill level 1 in Fighting
  1532 | D:2      | Noticed a scorpion
  1546 | D:2      | Killed a scorpion
  1547 | D:2      | Reached skill level 5 in Air Magic
  1547 | D:2      | Reached XP level 4. HP: 17/25 MP: 1/9
  2129 | D:2      | Gained mutation: Your magical nature lets you fly swiftly
                  | and evasively. [Tengu growth]
  2129 | D:2      | Reached XP level 5. HP: 29/29 MP: 8/10
  2548 | D:3      | Noticed Grinder
  2694 | D:3      | Paralysed by Grinder for 6 turns
  2695 | D:3      | Slain by Grinder

Illustrated notes

Levels and vault maps discovered:
D:1:      lemuel_arrival_broad_hall, layout_basic,
          shapermc_ecumenical_altar_hornbeckon
D:2:      layout_loops_ring
D:3:      layout_loops_ring, uniq_terence, uniq_grinder

Skill      XL: |  1  2  3 |
---------------+----------+-----
Fighting       | 1 |  1.5
Conjurations   | 2 |  2.6
Spellcasting   | 3 |  3.1
Air Magic      | 5 |  5.4
Dodging        | |  2.1
Stealth        | |  2.0

Action                   |  1- 3 |  4- 6 || total
-------------------------+-------+-------++-------
Melee: Unarmed           |     9 |       ||     9
       Kick              |     2 |       ||     2
       Peck              |     1 |       ||     1
 Cast: Shock             |    77 |    36 ||   113
Armor: Robe              |     7 |     1 ||     8
Dodge: Dodged            |    21 |     3 ||    24

Table legend: (Time is in decaauts)
 A = Elapsed time spent in this place.
 B = Non-inter-level travel time spent in this place.
 C = Inter-level travel time spent in this place.
 D = Time resting spent in this place.
 E = Time spent auto-exploring this place.
 F = Levels seen in this place.
 G = Mean time per level.
                   A        B        C        D        E       F      G
               +--------+--------+--------+--------+--------+-----+--------+
         Total |   2668 |   2629 |     39 |    108 |   2204 |   3 |  889.3 |
       Dungeon |   2668 |   2629 |     39 |    108 |   2204 |   3 |  889.3 |
               +--------+--------+--------+--------+--------+-----+--------+

Top non-repeatable levels by time:
     D:2: 1210 daAuts
     D:1: 1146 daAuts
     D:3: 311 daAuts
